 Dungeon Crawl Stone Soup version 0.24-a0-699-g5a66b1aa3b (webtiles) character file.

Game seed: 15268830116335037912, levelgen mode: deterministic

40 Peloso the Shield-Bearer (level 3, -1/33 HPs)
             Began as a Minotaur Fighter on Sept 29, 2019.
             Slain by Sigmund
             ... wielding a +0 scythe
              (8 damage)
             ... on level 2 of the Dungeon.
             The game lasted 00:02:30 (716 turns).

Peloso the Shield-Bearer (Minotaur Fighter)          Turns: 716, Time: 00:02:30

Health: -1/33      AC:  0    Str: 20    XL:     3   Next: 30%
Magic:  2/2        EV: 17    Int:  5    God:
Gold:   55         SH:  0    Dex: 15    Spells: 2/2 levels left

rFire    . . .     SeeInvis .   (weapon currently unavailable)
rCold    . . .     Gourm    .   (shield currently unavailable)
rNeg     . . .     Faith    .   (armour currently unavailable)
rPois    .         Spirit   .   (helmet currently unavailable)
rElec    .         Reflect  .   (cloak currently unavailable)
rCorr    .         Harm     .   (gloves currently unavailable)
MR       .....                  (boots currently unavailable)
Stlth    +.........             (no amulet)
HPRegen  0.11/turn              (ring currently unavailable)
MPRegen  0.08/turn              (ring currently unavailable)

@: confused, bat-form, flying, very quick
A: tiny, (retaliatory headbutt)
a: no special abilities


You were on level 2 of the Dungeon.
You were not hungry.
You were in bat-form.
You visited 1 branch of the dungeon, and saw 2 of its levels.

You collected 55 gold pieces.

Inventory:

Hand Weapons
 a - a +0 long sword (melded)
Armour
 b - a +0 scale mail (melded)
 c - a +0 shield (melded)
 j - a +0 pair of gloves (melded)
Scrolls
 e - 3 scrolls of identify {unknown}
 g - a scroll of fog {unknown}
 h - a scroll of enchant weapon {unknown}
Potions
 d - a potion of might
Comestibles
 f - 2 rations


   Skills:
 + Level 3.9 Fighting
 + Level 3.1 Long Blades
 + Level 4.0 Armour
 + Level 0.4 Dodging
 + Level 4.3 Shields


You had 2 spell levels left.
You didn't know any spells.
Your spell library was empty.

Dungeon Overview and Level Annotations

Branches:
Dungeon (2/15)

Altars:

Annotations:
D:2 Sigmund


Innate Abilities, Weirdness & Mutations

((You reflexively headbutt those who attack you in melee.))
((You have a pair of horns on your head.))


Message History

a +0 club; a +0 short sword; a hobgoblin corpse You bump into the rock wall.
Sigmund hits you but does no damage.
Sigmund zaps a wand.
You turn into a bat.
Your +0 long sword melds into your body.
Your +0 pair of gloves melds into your body.
Your +0 shield melds into your body.
Your +0 scale mail melds into your body.
You closely miss Sigmund.
Sigmund is moderately wounded.
Sigmund casts a spell at you. The puff of flame hits you.
Things that are here:
a +0 club; a +0 short sword; a hobgoblin corpse You're too confused to move!
Sigmund zaps a wand.
You resist with significant effort.
Sigmund points at you and mumbles some strange words.
The magic dart hits you!
* * * LOW HITPOINT WARNING * * *
Sigmund hits you from afar with a +0 scythe!
You die...

#### ..# #.##### #@#
#...... #.# #######
#b#########
#.........#
#..######.# #).# #.#
####
#..######.#####...
###..##.............
#...<^..###.#####...
#.#..#### #.# ##..
#.#..# #.# #..


You could see Sigmund.

Vanquished Creatures
  A dart slug (D:1)
  5 bats (D:1)
  3 giant cockroaches (D:1)
  4 goblins (D:1)
  3 hobgoblins
  3 frilled lizards (D:1)
  3 kobolds
  19 rats (D:1)
41 creatures vanquished.

Notes
Turn   | Place    | Note
-------+----------+-------------------------------------------
     0 | D:1      | Peloso the Minotaur Fighter began the quest for the Orb.
     0 | D:1      | Reached XP level 1. HP: 19/19 MP: 0/0
    48 | D:1      | Reached XP level 2. HP: 18/27 MP: 1/1
   341 | D:1      | Reached XP level 3. HP: 27/33 MP: 2/2
   699 | D:2      | Noticed Sigmund
   716 | D:2      | Slain by Sigmund

Levels and vault maps discovered:
D:1:      erik_arrival_orb_chamber, layout_loops_ring
D:2:      layout_loops_ring, gammafunk_temple_overflow_statue, uniq_sigmund

Skill      XL: |  1  2  3 |
---------------+----------+-----
Shields        | 4 |  4.3
Armour         | 4 |  4.0
Long Blades    | 3 |  3.1
Fighting       | |  3.9
Dodging        | |  0.4

Action                   || total
-------------------------++-------
Melee: Long sword        ||    83
       Headbutt          ||     8
       Unarmed           ||     1
  Use: Potion            ||     1
Armor: Scale mail        ||    32
Dodge: Dodged            ||    31
Block: Shield            ||    35
       Rpst.: Long sword ||    13

Table legend:
 A = Non-vault XP
 B = Vault XP
 C = Vault XP percentage of total XP
 D = Non-vault monster count
 E = Vault monster count
 F = Vault count percentage of total count
                 A         B        C        D         E       F
            +---------+---------+-------+---------+---------+-------
      Total |      46 |      12 |  20.7 |      29 |      12 |  29.3
            +---------+---------+-------+---------+---------+-------
        D:1 |      41 |      12 |  22.6 |      26 |      12 |  31.6
        D:2 |       5 |       0 |   0.0 |       3 |       0 |   0.0
            +---------+---------+-------+---------+---------+-------
